 Dungeon Crawl Stone Soup version 0.28.0 (webtiles) character file.

Game seed: 8696182141899998039

44 fknight the Bolt Thrower (level 3, 0/20 HPs)
             Began as a Kobold Arcane Marksman on Feb 19, 2022.
             Was a Believer of Lugonu.
             Slain by a quokka (2 damage)
             ... on level 2 of the Dungeon.
             The game lasted 00:10:38 (1042 turns).

fknight the Bolt Thrower (Kobold Arcane Marksman)   Turns: 1042, Time: 00:10:38

Health: 0/20       AC:  2    Str:  7    XL:     3   Next: 87%
Magic:  4/4        EV: 15    Int: 14    God:    Lugonu [**....]
Gold:   27         SH:  0    Dex: 17    Spells: 3/4 levels left

rFire   . . .      SeeInvis .   a - +0 hand crossbow
rCold   . . .      Faith    .   (no shield)
rNeg    . . .      Spirit   .   d - +0 robe
rPois   .          Reflect  .   (no helmet)
rElec   .          Harm     .   (no cloak)
rCorr   .          Rampage  .   (no gloves)
Will    .....                   (no boots)
Stlth   +++.......              (no amulet)
HPRegen 0.06/turn               (no ring)
MPRegen 0.09/turn               (no ring)

@: no status effects
A: small, no large weapons, nightstalker 3
a: Renounce Religion, Depart the Abyss, Bend Space


You were on level 2 of the Dungeon.
You worshipped Lugonu.
Lugonu was pleased with you.
You visited 1 branch of the dungeon, and saw 2 of its levels.

You collected 27 gold pieces.

Inventory:

Hand Weapons
 a - a +0 hand crossbow (weapon)
 e - a +0 dagger
 g - a +0 dagger
 i - a +0 dagger
 m - a +0 club
 n - a +0 club
 o - a +0 whip
 p - a +0 hunting sling
 t - a +0 dagger
Missiles
 c - 24 bolts (quivered ammo)
 f - 15 stones
 h - 3 datura-tipped darts
 r - a throwing net
Armour
 d - a +0 robe (worn)
 l - a +0 pair of gloves
 u - a +0 pair of boots
Scrolls
 b - a scroll of blinking {unknown}
 s - 2 scrolls of noise


   Skills:
 + Level 1.5 Fighting
 + Level 3.7 Crossbows
 + Level 3.0 Dodging
 + Level 0.2 Stealth
 + Level 1.1 Spellcasting
 + Level 3.3 Hexes


You had 3 spell levels left.
You knew the following spells:

 Your Spells              Type           Power      Damage    Failure   Level
a - Slow                  Hex            40%        N/A       7%          1

Your spell library contained the following spells:

 Spells                   Type           Power      Damage    Failure   Level
 Inner Flame              Hex/Fire       5%         N/A       36%         3
 Portal Projectile        Hex/Tloc       10%        N/A       36%         3
 Ozocubu's Armour         Ice            0%         N/A       61%         3
 Cause Fear               Hex            5%         N/A       56%         4
 Ozocubu's Refrigeration  Ice            0%         4d5       100%        7


Dungeon Overview and Level Annotations

Branches:
Dungeon (1/15)

Altars:
Lugonu


Innate Abilities, Weirdness & Mutations

You are small and have problems with some larger weapons.
You are completely attuned to the shadows.


Message History

The gnoll hits you but does no damage.
You are too injured to fight recklessly!
You are too injured to fight recklessly!
You are too injured to fight recklessly!
You are too injured to fight recklessly!
You are too injured to fight recklessly!
You are too injured to fight recklessly!
The quokka closely misses you. The quokka bites you.
The quokka barely misses you.
The giant cockroach waves its antennae.
The quokka completely misses you. The quokka bites you.
The quokka twitches its whiskers.
The quokka bites you.
* * * LOW HITPOINT WARNING * * *
The quokka misses you. The giant cockroach barely misses you.
The giant cockroach misses you.
As you read the scroll of immolation, it crumbles to dust.
The creatures around you are filled with an inner flame!
The quokka misses you.
The gnoll hits you from afar with a +0 spear.
* * * LOW HITPOINT WARNING * * *
The quokka barely misses you. The quokka closely misses you.
The quokka barely misses you.
As you read the scroll labelled INENEFRESONU, it crumbles to dust.
You hear a loud clanging noise!
It was a scroll of noise.
You hear an angry hiss.
You hear a shout!
The quokka closely misses you.
As you read the scroll labelled ZAUSUMEKH VENI, it crumbles to dust.
It is a scroll of identify.
q - a potion of curing The quokka barely misses you.
The giant cockroach closely misses you.
You feel better. The quokka barely misses you. The giant cockroach bites you.
The gnoll hits you from afar with a +0 spear.
* * * LOW HITPOINT WARNING * * *
The quokka bites you.
You die...

##############
#............#
#.##########.# #.# #.#
.###@###### #.#
...Br.....# #.#
....g####.# #.# ####.#
#.# #.#
##.####.#####.#####
#.................#
####.#.#..######.###.#
#........## #.# #.#
#.##.#.#.## #.# #.#


You could see a gnoll (inner flame), a quokka (inner flame) and a giant
cockroach (inner flame).

Vanquished Creatures
  An adder (D:2)
  4 bats
  An endoplasm (D:2)
  A giant cockroach (D:1)
  5 goblins
  5 hobgoblins
  2 jackals (D:1)
  3 kobolds (D:1)
  2 quokkas
  4 frilled lizards
  5 rats
33 creatures vanquished.

Notes
Turn   | Place    | Note
-------+----------+-------------------------------------------
     0 | D:1      | fknight the Kobold Arcane Marksman began the quest for the
                  | Orb.
     0 | D:1      | Reached XP level 1. HP: 12/12 MP: 2/2
   267 | D:1      | Reached XP level 2. HP: 14/16 MP: 3/3
   335 | D:1      | Found a faded altar of an unknown god.
   368 | D:1      | Prayed at the altar of an unknown god.
   368 | D:1      | Became a worshipper of Lugonu the Unformed
   368 | D:1      | Reached * piety under Lugonu
   368 | D:1      | Reached ** piety under Lugonu
   397 | D:1      | Reached XP level 3. HP: 20/20 MP: 4/4
   490 | D:1      | You fall into a shaft and drop 1 floor!
  1042 | D:2      | Slain by a quokka

Illustrated notes

Levels and vault maps discovered:
D:1:      dpeg_arrival_three_smaller_balls, layout_basic,
          hellmonk_ecumenical_altar_blasted, serial_glass, glass_columns_b,
          glass_columns_a, minmay_strange_pillars, feat_on_display,
          feat_on_display, feat_on_display
D:2:      layout_loops_ring, serial_glass, glass_columns_a, glass_columns_a,
          glass_columns_a, glass_columns_c, glass_columns_a, glass_columns_a,
          glass_columns_a, glass_columns_c, feat_on_display,
          minmay_strange_pillars, due_unseen_surprise

Skill      XL: |  1  2  3 |
---------------+----------+-----
Crossbows      | 3 |  3.7
Dodging        | 3 |  3.0
Fighting       | |  1.5
Stealth        | |  0.2
Spellcasting   | |  1.1
Hexes          | |  3.3

Action                   || total
-------------------------++-------
 Fire: Hand crossbow     ||    70
  Use: Scroll            ||     3
       Potion            ||     1
Armor: Robe              ||     9
Dodge: Dodged            ||    55
